 Dungeon Crawl Stone Soup version 0.26-a0-683-g5206c1d7ac (webtiles) character file.

Game seed: 17585902757407145055

67 jasper the Magician (level 4, 0/24 HPs)
             Began as a Kobold Hedge Wizard on Oct 22, 2020.
             Was an Initiate of Ashenzari.
             Slain by an orc wizard
             ... wielding a +0 dagger
              (2 damage)
             ... on level 3 of the Dungeon.
             The game lasted 00:02:34 (1796 turns).

jasper the Magician (Kobold Hedge Wizard)           Turns: 1796, Time: 00:02:34

Health: 0/24       AC:  6    Str:  7    XL:     4   Next: 40%
Magic:  7/10       EV: 15    Int: 16    God:    Ashenzari [......]
Gold:   44         SH:  0    Dex: 16    Spells: 1/11 levels left

rFire    . . .     SeeInvis .   h - +0 whip (vamp)
rCold    . . .     Faith    .   (shield restricted)
rNeg     . . .     Spirit   .   b - +0 robe
rPois    .         Reflect  .   c - +0 hat
rElec    .         Harm     .   (no cloak)
rCorr    .         Rampage  .   (no gloves)
MR       .....                  (no boots)
Stlth    ++++......             (no amulet)
HPRegen  0.08/turn              i - ring of flight
MPRegen  0.12/turn              (no ring)

@: no status effects
A: small, slimy green scales 1, thin skeletal structure 1, yellow scales 1,
nightstalker 3
a: Curse Item, Renounce Religion, Evoke Flight


You were on level 3 of the Dungeon.
You worshipped Ashenzari.
Ashenzari was noncommittal.
You visited 1 branch of the dungeon, and saw 3 of its levels.

You collected 44 gold pieces.

Inventory:

Hand Weapons
 a - a +0 dagger
 h - a +0 vampiric whip (weapon)
Missiles
 d - 50 stones (quivered)
Armour
 b - a +0 robe (worn)
 c - a +0 hat (worn)
Jewellery
 i - a ring of flight (left hand)
Scrolls
 e - a scroll of remove curse
 f - a scroll of teleportation {unknown}
 g - a scroll of amnesia {unknown}
 j - a scroll of enchant weapon {unknown}


   Skills:
 - Level 2.4 Dodging
 - Level 2.6 Stealth
 + Level 4.2 Spellcasting
 + Level 2.8 Conjurations
 - Level 1.0 Summonings
 - Level 1.0 Translocations


You had one spell level left.
You knew the following spells:

 Your Spells              Type           Power        Failure   Level
a - Magic Dart            Conj           ##..         5%          1
b - Call Imp              Summ           #.......     17%         2
c - Blink                 Tloc           N/A          17%         2
d - Slow                  Hex            #.......     26%         2
e - Mephitic Cloud        Conj/Pois/Air  #.......     32%         3

Your spell library contained the following spells:

 Spells                   Type           Power        Failure   Level
 Conjure Flame            Conj/Fire      #.......     28%         3


Dungeon Overview and Level Annotations

Branches:
Dungeon (3/15)

Altars:
Ashenzari

Annotations:
D:2 Natasha


Innate Abilities, Weirdness & Mutations

You are small and have problems with some larger weapons.
You are completely attuned to the shadows.
You are partially covered in slimy green scales. (AC +2)
You have a somewhat thin skeletal structure. (Dex +2, Stealth)
You are partially covered in yellow scales. (AC +2)


Message History

Something barely misses you.
You now have 9/10 mp.
Casting: Magic Dart (safe; 5% risk of failure)
Confirm with . or Enter, or press ? or * to list all spells.
Press: ? - help, Shift-Dir - straight line The magic dart hits something.
Something hits you.
* * * LOW HITPOINT WARNING * * *
You take 3 damage, and have 4/24 hp.
You now have 8/10 mp.
Casting: Magic Dart (safe; 5% risk of failure)
Confirm with . or Enter, or press ? or * to list all spells.
Press: ? - help, Shift-Dir - straight line The magic dart hits something.
Something hits you.
* * * LOW HITPOINT WARNING * * *
You take 2 damage, and have 2/24 hp.
You now have 7/10 mp.
It was a potion of mutation.
You feel extremely strange.
Yellow scales grow over part of your body.
Slimy green scales grow over part of your body.
Your bones become slightly less dense.
Something hits you.
You die...

#+# #.# #.# #.#
.# #.# #.# ...
##.## #.#
.#.#####...###
#.#
#............#
#.#
.....###...#.#
#.# #...##
##.##.#######.#
##.#
#.##..{@.....#
#.
#.############
.


There were no monsters in sight!

Vanquished Creatures
  A jelly (D:2)
  An adder (D:2)
  An ooze (D:1)
  A dart slug (D:1)
  4 bats (D:1)
  A giant cockroach (D:1)
  A goblin (D:1)
  5 hobgoblins (D:1)
  2 frilled lizards
  6 kobolds
  2 rats (D:1)
25 creatures vanquished.

Notes
Turn   | Place    | Note
-------+----------+-------------------------------------------
     0 | D:1      | jasper the Kobold Hedge Wizard began the quest for the Orb.
     0 | D:1      | Reached XP level 1. HP: 10/10 MP: 4/4
   429 | D:1      | Reached XP level 2. HP: 15/15 MP: 3/6
   464 | D:1      | Learned a level 2 spell: Call Imp
   467 | D:1      | Learned a level 2 spell: Blink
   470 | D:1      | Learned a level 2 spell: Slow
   740 | D:1      | Reached XP level 3. HP: 19/19 MP: 1/8
  1342 | D:2      | Found a broken altar of Ashenzari.
  1349 | D:2      | Became a worshipper of Ashenzari the Shackled
  1504 | D:2      | Reached skill level 4 in Spellcasting
  1504 | D:2      | Reached XP level 4. HP: 24/24 MP: 1/10
  1513 | D:2      | Learned a level 3 spell: Mephitic Cloud
  1671 | D:2      | Noticed Natasha
  1796 | D:3      | Gained mutation: You are partially covered in yellow
                  | scales. (AC +2) [potion of mutation]
  1796 | D:3      | Gained mutation: You are partially covered in slimy green
                  | scales. (AC +2) [potion of mutation]
  1796 | D:3      | Gained mutation: You have a somewhat thin skeletal
                  | structure. (Dex +2, Stealth) [potion of mutation]
  1796 | D:3      | Slain by an orc wizard

Illustrated notes

Levels and vault maps discovered:
D:1:      saegor_arrival_simple_c, layout_loops_ring,
          hangedman_abyss_or_decor_stabs
D:2:      layout_basic, nicolae_ashenzari_panopticon,
          nicolae_dithmenos_shadow_blocks, uniq_natasha
D:3:      layout_loops_corners, chequers_ecumenical_altar_island

Skill      XL: |  1  2  3 |
---------------+----------+-----
Conjurations   | 2 |  2.8
Spellcasting   | 4 |  4.2
Dodging        | |  2.4
Stealth        | |  2.6
Summonings     | |  1.0
Translocations | |  1.0

Action                   |  1- 3 |  4- 6 || total
-------------------------+-------+-------++-------
Melee: Dagger            |    40 |       ||    40
       Whip              |     6 |     8 ||    14
Throw: Stone             |     1 |       ||     1
 Cast: Magic Dart        |    53 |     8 ||    61
  Use: Potion            |       |     1 ||     1
 Stab: Sleeping          |     1 |       ||     1
Armor: Robe              |    10 |       ||    10
Dodge: Dodged            |    53 |     2 ||    55

Table legend: (Time is in decaauts)
 A = Elapsed time spent in this place.
 B = Non-inter-level travel time spent in this place.
 C = Inter-level travel time spent in this place.
 D = Time resting spent in this place.
 E = Time spent auto-exploring this place.
 F = Levels seen in this place.
 G = Mean time per level.
                   A        B        C        D        E       F      G
               +--------+--------+--------+--------+--------+-----+--------+
         Total |   1796 |   1715 |     81 |    227 |   1249 |   3 |  598.7 |
       Dungeon |   1796 |   1715 |     81 |    227 |   1249 |   3 |  598.7 |
               +--------+--------+--------+--------+--------+-----+--------+

Top non-repeatable levels by time:
     D:1: 1326 daAuts
     D:2: 408 daAuts
     D:3: 61 daAuts
